 Dungeon Crawl Stone Soup version 0.31-a0-237-g2d982f9f85 (webtiles) character file.

Game seed: 13275646527826841706

299 Iniera the Chopper (level 6, -2/47 HPs)
             Began as a Vampire Gladiator on July 11, 2023.
             Succumbed to an orc priest's poison
             ... on level 4 of the Dungeon.
             The game lasted 00:02:16 (2624 turns).

Iniera the Chopper (Vampire Gladiator)              Turns: 2624, Time: 00:02:16

Health: -2/47      AC:  9    Str: 18    XL:     6   Next: 13%
Magic:  6/6        EV: 12    Int: 11    God:
Gold:   115        SH:  0    Dex: 15    Spells: 5/5 levels left

rFire   . . .        g - +0 hand axe (heavy)
rCold   . . .        (no shield)
rNeg    . . .        k - +2 ring mail of Jueleni {Str+3}
rPois   .            c - +1 helmet
rElec   .            (no cloak)
rCorr   .            (no gloves)
SInv    +            (no boots)
Will    .....        (no amulet)
Stlth   +            (no ring)
HPRegen 0.47/turn    (no ring)
MPRegen 0.10/turn

%: no passive effects
@: mighty, lethally poisoned (-2 -> -10), healing quickly
A: alive, fangs 3, see invisible, vampiric 2
a: Exsanguinate


You were on level 4 of the Dungeon.
You visited 1 branch of the dungeon, and saw 4 of its levels.

You collected 115 gold pieces.

Inventory:

Hand Weapons
 a - a +0 war axe
 g - a +0 heavy hand axe (weapon)
Missiles
 d - 2 throwing nets (quivered)
 e - a javelin
Armour
 c - a +1 helmet (worn)
 k - the +2 ring mail of Jueleni (worn) {Str+3}
   (You found it on level 2 of the Dungeon)

   Str:       It affects your strength (+3).
Scrolls
 i - a scroll of enchant weapon
 l - a scroll of identify
 m - a scroll of teleportation
Potions
 j - a potion of might


   Skills:
 + Level 3.6 Fighting
 * Level 5.2 Axes
 - Level 2.0 Throwing
 - Level 3.2 Dodging


You had 5 spell levels left.
You didn't know any spells.
Your spell library contained the following spells:

 Spells                   Type           Power      Damage    Failure   Level
 Chain Lightning          Conj/Air       0%         N/A       100%        9
 Fire Storm               Conj/Fire      0%         5d1       100%        9
 Shatter                  Erth           0%         3d5*      100%        9


Dungeon Overview and Level Annotations

Branches:
Dungeon (4/15)
 Temple: D:4-7

Altars:


Innate Abilities, Weirdness & Mutations

Your natural rate of healing is accelerated.
You have razor-sharp teeth.
You have supernaturally acute eyesight. (SInv)
You are afflicted with vampirism and can become a bat while bloodless.


Message History

There are monsters nearby!
You are too confused!
You closely miss the orc wizard.
The orc wizard is almost dead.
You slash the orc!
You kill the orc!
You slash the orc priest!
You feel very sick.
The orc wizard hits you but does no damage.
A gnoll comes into view. It is wielding a +0 club.
The orc priest hits you but does no damage.
You are more poisoned.
You closely miss the orc priest.
The orc priest is severely wounded.
You closely miss the orc wizard.
You feel very sick.
The gnoll shouts!
You hear a shout!
The orc wizard casts a spell at you. The puff of flame misses you.
The orc priest calls down the wrath of Beogh upon you.
Beogh smites you! The orc wizard casts a spell at you.
The puff of flame hits you!
* * * LOW HITPOINT WARNING * * *
The orc priest hits you with a +0 short sword of venom.
* * * LOW HITPOINT WARNING * * *
You are more poisoned.
You're too confused to move!
* * * LOW HITPOINT WARNING * * *
You feel very sick. The orc wizard barely misses you.
The orc priest begins to cast a cantrip, but forgets the words!
It was a potion of might.
You feel very mighty all of a sudden.
You feel less confused.
* * * LOW HITPOINT WARNING * * *
You feel very sick.
The orc wizard hits you but does no damage.
The orc priest begins to cast a cantrip, but forgets the words!
It was a potion of magic.
Magic courses through your body.
You die...

..... .......#
.......#### ##
#........####### #.
+..............####.
#..g..............#.
#.................##
##..#.)...............#
....'.o@)....#####'####
##..#.o......# #)#
#........#####.#####
##########..........
#.###.##### #.# #.# #.#
#.#


You could see an orc priest, an orc wizard (invisible) and a gnoll.

Vanquished Creatures
  2 ogres (D:4)
  A hound (D:4)
  3 adders
  A worm (D:2)
  2 dart slugs (D:1)
  2 orcs (D:4)
  2 ball pythons
  8 bats
  8 endoplasms
  2 giant cockroaches
  7 hobgoblins
  7 jackals
  4 quokkas
  5 frilled lizards
  3 goblins
  5 kobolds
  A rat (D:3)
63 creatures vanquished.

Notes
Turn   | Place    | Note
-------+----------+-------------------------------------------
     0 | D:1      | Iniera the Vampire Gladiator began the quest for the Orb.
     0 | D:1      | Reached XP level 1. HP: 16/16 MP: 1/1
   184 | D:1      | Reached skill level 3 in Axes
   211 | D:1      | Reached XP level 2. HP: 14/22 MP: 2/2
   773 | D:1      | Gained mutation: You are afflicted with vampirism and can
                  | become a bat while bloodless. [Vampire growth]
   773 | D:1      | Reached XP level 3. HP: 27/27 MP: 3/3
  1140 | D:2      | Identified the +2 ring mail of Jueleni {Str+3}
  1701 | D:3      | Reached XP level 4. HP: 34/34 MP: 4/4
  2075 | D:3      | Reached skill level 4 in Axes
  2456 | D:4      | Noticed an ogre
  2464 | D:4      | Killed an ogre
  2465 | D:4      | Reached XP level 5. HP: 16/41 MP: 5/5
  2593 | D:4      | Noticed an ogre
  2600 | D:4      | Killed an ogre
  2601 | D:4      | Reached skill level 5 in Axes
  2601 | D:4      | Reached XP level 6. HP: 47/47 MP: 6/6
  2623 | D:4      | HP: 1/47 [poisoned by an orc priest]
  2624 | D:4      | Succumbed to an orc priest's poison

Illustrated notes

Levels and vault maps discovered:
D:1:      eino_arrival_cavern_b, layout_loops_corners,
          nicolae_concentric_dashed_squares_wild, minivault_24,
          chequers_hall_statues_wall_a
D:2:      layout_basic, minmay_misc_feat_square
D:3:      layout_basic
D:4:      layout_basic

Skill      XL: |  1  2  3  4  5 |
---------------+----------------+-----
Fighting       | 2 3 |  3.6
Axes           | 3 4 5 |  5.2
Throwing       | 2 |  2.0
Dodging        | |  3.2

Action                     |  1- 3 |  4- 6 || total
---------------------------+-------+-------++-------
  Melee: War axe           |   118 |    19 ||   137
         Bite              |    11 |     3 ||    14
         Hand axe          |       |    23 ||    23
  Throw: Throwing net      |       |     3 ||     3
         Javelin           |       |     1 ||     1
    Use: Scroll            |     5 |     2 ||     7
         Potion            |       |     2 ||     2
   Stab: Held in net/web   |       |     1 ||     1
 Armour: Leather armour    |    18 |       ||    18
         Ring mail         |    13 |    20 ||    33
  Dodge: Dodged            |   101 |    30 ||   131

Table legend: (Time is in decaauts)
 A = Elapsed time spent in this place.
 B = Non-inter-level travel time spent in this place.
 C = Inter-level travel time spent in this place.
 D = Time resting spent in this place.
 E = Time spent auto-exploring this place.
 F = Levels seen in this place.
 G = Mean time per level.
                   A        B        C        D        E       F      G
               +--------+--------+--------+--------+--------+-----+--------+
         Total |   2682 |   2584 |     98 |    132 |   2020 |   4 |  670.5 |
       Dungeon |   2682 |   2584 |     98 |    132 |   2020 |   4 |  670.5 |
               +--------+--------+--------+--------+--------+-----+--------+

Top non-repeatable levels by time:
     D:1: 1019 daAuts
     D:3: 738 daAuts
     D:2: 715 daAuts
     D:4: 209 daAuts
